 Dungeon Crawl Stone Soup version 0.27.1-1-g398f81649c (webtiles) character file.

Game seed: 16781126493259702387

49 nxtlvl the Poker (level 3, 0/31 HPs)
             Began as a Minotaur Abyssal Knight on Sept 14, 2021.
             Was a Believer of Lugonu.
             Frozen to death by an endoplasm (4 damage)
             ... on level 1 of the Dungeon.
             The game lasted 00:01:58 (264 turns).

nxtlvl the Poker (Minotaur Abyssal Knight)           Turns: 264, Time: 00:01:59

Health: 0/31       AC:  5    Str: 17    XL:     3   Next: 51%
Magic:  3/3        EV: 10    Int:  9    God:    Lugonu [**....]
Gold:   0          SH:  0    Dex:  9    Spells: 2/2 levels left

rFire    . . .     SeeInvis .   a - +1 spear
rCold    . . .     Faith    .   (no shield)
rNeg     . . .     Spirit   .   c - +0 ring mail
rPois    .         Reflect  .   (helmet restricted)
rElec    .         Harm     .   (no cloak)
rCorr    .         Rampage  .   (no gloves)
Will     .....                  (no boots)
Stlth    ..........             (no amulet)
HPRegen  0.10/turn              (no ring)
MPRegen  0.08/turn              (no ring)

@: no status effects
A: horns 2, retaliatory headbutt
a: Renounce Religion, Depart the Abyss, Bend Space


You were on level 1 of the Dungeon.
You worshipped Lugonu.
Lugonu was pleased with you.
You visited 1 branch of the dungeon, and saw 2 of its levels.
You visited the Abyss 1 time.

Inventory:

Hand Weapons
 a - a +1 spear (weapon)
 d - a +0 hunting sling
Armour
 c - a +0 ring mail (worn)
Potions
 b - a potion of curing {unknown}


   Skills:
 - Level 3.6 Fighting
 * Level 4.8 Polearms
 - Level 2.4 Armour
 - Level 1.1 Dodging
 - Level 1.7 Invocations


You had 2 spell levels left.
You didn't know any spells.
Your spell library was empty.

Dungeon Overview and Level Annotations

Branches:
Dungeon (2/15)

Altars:


Innate Abilities, Weirdness & Mutations

You have a pair of horns on your head.
You reflexively headbutt those who attack you in melee.


Message History

Items here: ) [[ †.
The floor.
Items here: ) [[ †.
Okay, then.
There is a faded altar of an unknown god here.
A goblin comes into view. It is wielding a +0 club.
The goblin shouts!
The goblin unwields a +0 club.
The goblin wields a +0 hunting sling.
The goblin shoots a stone.
The stone hits you.
* * * LOW HITPOINT WARNING * * *
The goblin shoots a stone.
The stone closely misses you.
There is an open door here.
You see here a +0 club.
The goblin unwields a +0 hunting sling.
The goblin wields a +0 club.
The goblin hits you with a +0 club.
* * * LOW HITPOINT WARNING * * *
You see here a hobgoblin corpse.
You barely miss the goblin. You hit the goblin.
You kill the goblin!
Lugonu accepts your kill.
You can now bend space around yourself.
You hit the goblin. Your headbutt misses the goblin.
The goblin is moderately wounded.
You closely miss the goblin.
The goblin is moderately wounded.
The goblin closely misses you. You furiously retaliate!
You headbutt the goblin.
You kill the goblin!
Lugonu accepts your kill.
You see here a +0 dagger.
Found a stone staircase leading up.
Things that are here:
a +0 club; a +0 hunting sling; 21 stones
d - a +0 hunting sling
There is a stone staircase leading up here.
You climb upwards.
The endoplasm quivers.
The endoplasm freezes you.
You are frozen.
You die...

#######
#.@...#
#..J.......
#...........
#..(......:.
#...........
#...........
#...........
#...........


You could see an endoplasm.

Vanquished Creatures
  Robin (D:2)
  2 adders (D:2)
  2 endoplasms
  10 goblins (D:2)
  2 hobgoblins (D:2)
  A kobold (D:1)
  A ball python (D:2)
19 creatures vanquished.

Notes
Turn   | Place    | Note
-------+----------+-------------------------------------------
     0 | Abyss:1  | nxtlvl the Minotaur Abyssal Knight began the quest for the
                  | Orb.
     0 | Abyss:1  | Reached XP level 1. HP: 19/19 MP: 1/1
    29 | D:1      | Escaped the Abyss
    86 | D:2      | Reached skill level 3 in Polearms
    86 | D:2      | Reached XP level 2. HP: 15/26 MP: 2/2
   113 | D:2      | Reached skill level 4 in Polearms
   165 | D:2      | Found a faded altar of an unknown god.
   175 | D:2      | Noticed Robin
   196 | D:2      | Reached XP level 3. HP: 25/31 MP: 3/3
   240 | D:2      | Killed Robin
   250 | D:2      | Reached ** piety under Lugonu
   264 | D:1      | Frozen to death by an endoplasm

Illustrated notes

Levels and vault maps discovered:
D:1:      mrwooster_arrival_arrow, layout_rooms
D:2:      layout_basic, dreamdust_ecumenical_altar_angels_and_demons,
          basic_altar, grunt_decor_cap, uniq_robin, uniq_sigmund

Skill      XL: |  1  2 |
---------------+-------+-----
Polearms       | 3 4 |  4.8
Fighting       | |  3.6
Armour         | |  2.4
Dodging        | |  1.1
Invocations    | |  1.7

Action                   || total
-------------------------++-------
Melee: Spear             ||    62
       Headbutt          ||     2
Armor: Ring mail         ||    11
Dodge: Dodged            ||    20
